 Dungeon Crawl Stone Soup version 0.24-a0-282-g1a68c91 (webtiles) character file.

Game seed: 1707818928788907979

17003 Lanoc the Cleaver (level 12, -6/95 HPs)
             Began as a Gnoll Wanderer on May 3, 2019.
             Was a Priest of Uskayaw.
             Killed from afar by a tengu conjurer (32 damage)
             ... with a bolt of lightning
             ... led by a tengu warrior
             ... on level 13 of the Dungeon.
             The game lasted 00:30:56 (9252 turns).

Lanoc the Cleaver (Gnoll Wanderer)                  Turns: 9252, Time: 00:30:57

Health: -6/95      AC: 23    Str: 17 (19) XL:     12   Next: 43%
Magic:  23/23      EV:  5    Int: 20 (22) God:    Uskayaw [***...]
Gold:   736        SH:  7    Dex: 20 (21) Spells: 21/26 levels left

rFire    . . .     SeeInvis +   r - +0 flail (distort)
rCold    . . .     Gourm    .   v - +0 buckler
rNeg     + + +     Faith    .   u - +0 crystal plate armour
rPois    .         Spirit   .   (no helmet)
rElec    .         Reflect  .   o - +0 cloak
rCorr    .         Harm     .   k - +2 pair of gloves
MR       .....                  (no boots)
Stlth    ..........             A - amulet of the acrobat
HPRegen  0.25/turn              m - ring "Wuevvin" {*Drain rN+++ Str+5 Int+3 Dex+5}
MPRegen  0.18/turn              y - ring of see invisible

@: no status effects
A: distributed training, fangs 1, strong nose
a: Stomp, Line Pass, Renounce Religion


You were on level 13 of the Dungeon.
You worshipped Uskayaw.
Uskayaw was aware of your devotion.
You were not hungry.

You visited 2 branches of the dungeon, and saw 14 of its levels.

You collected 736 gold pieces.

Inventory:

Hand Weapons
 a - a +3 dire flail of freezing
 g - a +4 quarterstaff of chaos
 r - a +0 flail of distortion (weapon)
Armour
 c - a +0 shield
 k - a +2 pair of gloves (worn)
 o - a +0 cloak (worn)
 u - a +0 crystal plate armour (worn)
 v - a +0 buckler (worn)
Magical Staves
 q - an uncursed staff of energy
Jewellery
 m - the ring "Wuevvin" (left hand) {*Drain rN+++ Str+5 Int+3 Dex+5}
   (You found it on level 8 of the Dungeon)

   [ring of strength]

   It affects your strength (+5).
   It affects your intelligence (+3).
   It affects your dexterity (+5).
   It renders you almost immune to negative energy.
   It causes draining when unequipped.
 w - an uncursed ring of protection from cold
 y - a ring of see invisible (right hand)
 A - an amulet of the acrobat (around neck)
Wands
 f - a wand of clouds (5)
 t - a wand of enslavement (4)
 B - a wand of digging (12)
 C - a wand of random effects (9)
 G - a wand of flame (27)
Scrolls
 e - 6 scrolls of identify
 h - 4 scrolls of remove curse
 i - 3 scrolls of amnesia
 n - a scroll of enchant armour
 p - 2 scrolls of magic mapping
 z - 2 scrolls of enchant weapon
 D - 2 scrolls of immolation
 E - a scroll of blinking
Potions
 b - 4 potions of haste
 j - a potion of flight
 l - a potion of curing
 s - 2 potions of magic
 x - 2 potions of resistance
 H - a potion of might {unknown}
 I - a potion of agility
 J - 2 potions of lignification
Comestibles
 d - 26 rations


   Skills:
 + Level 9.1 Fighting
 + Level 7.7 Short Blades
 + Level 7.7 Long Blades
 + Level 12.5 Axes
 + Level 7.7 Maces & Flails
 + Level 7.7 Polearms
 + Level 7.7 Staves
 + Level 7.7 Slings
 + Level 7.7 Bows
 + Level 7.7 Crossbows
 + Level 7.7 Throwing
 + Level 8.2 Armour
 + Level 7.7 Dodging
 + Level 8.1 Stealth
 + Level 8.2 Shields
 + Level 7.7 Unarmed Combat
 + Level 7.7 Spellcasting
 + Level 6.4 Conjurations
 + Level 6.4 Hexes
 + Level 6.4 Charms
 + Level 6.4 Summonings
 + Level 6.4 Necromancy
 + Level 6.4 Translocations
 + Level 6.4 Transmutations
 + Level 6.4 Fire Magic
 + Level 6.4 Ice Magic
 + Level 6.4 Air Magic
 + Level 6.4 Earth Magic
 + Level 6.4 Poison Magic
 + Level 8.5 Invocations
 + Level 7.7 Evocations


You had 21 spell levels left.
You knew the following spells:

 Your Spells              Type           Power        Failure   Level  Hunger
a - Call Canine Familiar  Summ           ####....     99%         3    None
b - Blink                 Tloc           N/A          95%         2    None

Your spell library contained the following spells:

 Spells                   Type           Power        Failure   Level  Hunger
 Confusing Touch          Hex            ####..       86%         1    None
 Magic Dart               Conj           ####         86%         1    None
 Summon Small Mammal      Summ           ####         86%         1    None
 Call Imp                 Summ           ####....     95%         2    None
 Slow                     Hex            ####....     95%         2    None
 Confuse                  Hex            ####....     99%         3    None
 Conjure Flame            Conj/Fire      ####....     99%         3    None
 Gell's Gravitas          Tloc           ####......   99%         3    None
 Mephitic Cloud           Conj/Pois/Air  ####....     99%         3    None
 Summon Guardian Golem    Hex/Summ       ####....     99%         3    None
 Cause Fear               Hex            ####......   100%        4    ###....
 Petrify                  Tmut/Erth      ####....     100%        4    ###....
 Summon Ice Beast         Ice/Summ       ####....     100%        4    ###....
 Summon Lightning Spire   Summ/Air       ####....     100%        4    ###....
 Bolt of Magma            Conj/Fire/Erth ####......   100%        5    #####..
 Iskenderun's Battlesphe  Conj/Chrm      ####....     100%        5    #####..
 Metabolic Englaciation   Hex/Ice        ####......   100%        5    #####..
 Silence                  Hex/Air        ####......   100%        5    #####..
 Venom Bolt               Conj/Pois      ####......   100%        5    #####..
 Yara's Violent Unravell  Hex/Tmut       ####......   100%        5    #####..
 Deflect Missiles         Chrm/Air       ####......   100%        6    ######.
 Iron Shot                Conj/Erth      ####......   100%        6    ######.
 Orb of Destruction       Conj           ####......   100%        7    #######
 Spellforged Servitor     Conj/Summ      ####......   100%        7    #######
 Discord                  Hex            ####......   100%        8    #######


Dungeon Overview and Level Annotations

Branches:
Dungeon (13/15)            Temple (1/1) D:7            Lair (0/6) D:10
    Orc (0/2) D:10
 Vaults: D:13-14

Altars:
Ashenzari
Cheibriados
Dithmenos
Elyvilon
Fedhas
Gozag
Hepliaklqana
Kikubaaqudgha
Makhleb
Nemelex Xobeh
Okawaru
Qazlal
Ru
Sif Muna
Trog
Uskayaw
Vehumet
Wu Jian
Xom
Yredelemnul
Zin
The Shining One

Shops:
D:9 *

Annotations:
D:3 3 runed translucent doors, PeterLawrence's ghost, amateur MiFi
D:5 Pikel
D:8 1 runed translucent door, DrClinical's ghost, novice DrCj
Abyss:1 Urug


Innate Abilities, Weirdness & Mutations

Your experience applies equally to all skills.
You have very sharp teeth.
Your uncanny sense of smell can sniff out nearby items.


Message History

The tengu conjurer hits you but does no damage.
You block the tengu conjurer's attack. x2
Uskayaw will force your foes to helplessly watch your dance.
You closely miss the tengu conjurer. You bite the tengu conjurer.
The tengu conjurer is heavily wounded.
The tengu conjurer hits you but does no damage.
The tengu conjurer barely misses you. The tengu conjurer claws you.
You sock the tengu conjurer!
The tengu conjurer looks slightly unstable.
You bite the tengu conjurer.
The tengu conjurer is severely wounded.
The tengu conjurer gestures at you while chanting.
The bolt of lightning hits you!
* * * LOW HITPOINT WARNING * * *
It was a potion of degeneration.
There was something very wrong with that liquid.
You feel weakened.
You feel dopey.
You feel clumsy.
The tengu conjurer casts a spell at you.
The bolt of lightning hits you!!
You die...

#.# #.# #.# #.# #.#
######## # #.# #.......
#.########.#####.######
#...WQ@..........#
#.##)#####..###### #.#
#..# ∆ #Q# #..# #..
#..# .... #..# .....
...# #.....###.#
##...## #.#


You could see a wraith and a tengu conjurer.

Vanquished Creatures
  2 hydras
  A two-headed ogre (D:11)
  A tengu warrior (D:13)
  An unseen horror (D:11)
  3 kobold demonologists
  2 trolls
  A hornet (D:12)
  4 slime creatures (D:12)
  2 dream sheep (D:9)
  3 hippogriffs
  2 wyverns
  10 yaks
  Grum (D:11)
  2 wargs (D:10)
  A water moccasin (D:11)
  5 orc warriors
  7 sky beasts
  2 slaves (D:5)
  3 ice beasts
  2 black bears (D:6)
  A necrophage (D:6)
  3 ogres
  3 phantoms
  2 wolves (D:11)
  4 centaurs
  A crocodile (D:13)
  7 big kobolds
  A gnoll sergeant (D:9)
  8 bullfrogs
  4 scorpions
  A water moccasin skeleton (D:6)
  11 killer bees
  4 wights (D:9)
  A howler monkey (D:5)
  5 crimson imps
  A quasit (D:11)
  A centaur zombie (D:6)
  6 hounds
  2 jellies
  Crazy Yiuf (D:5)
  10 orc priests
  2 bullfrog skeletons (D:5)
  A centaur skeleton (D:11)
  A gnoll shaman (D:6)
  9 orc wizards
  An iguana (D:11)
  8 worker ants
  8 gnolls
  13 adders
  A shadow imp (D:9)
  An adder skeleton (D:6)
  5 worms
  4 dart slugs
  3 leopard geckos
  41 orcs
  5 ball pythons
  3 giant cockroaches
  4 goblins
  2 hobgoblins
  4 jackals (D:9)
  15 kobolds
  4 quokkas
  3 bats
  2 frilled lizards
  A jackal skeleton (D:7)
  A quokka zombie (D:8)
  6 rats
280 creatures vanquished.

Vanquished Creatures (collateral kills)
  A centaur (D:11)
1 creature vanquished.

Vanquished Creatures (others)
  An ugly thing (D:11)
  A centaur zombie (D:13)
  An efreet (D:13)
  4 yaks
  A hungry ghost (D:12)
  A sky beast (D:6)
  An orc warrior (D:12)
  An ice beast (D:7)
  2 slaves (D:5)
  A crocodile (D:8)
  A big kobold (D:9)
  2 bullfrogs
  2 scorpions
  A hound (D:9)
20 creatures vanquished.

Grand Total: 301 creatures vanquished

Notes
Turn   | Place    | Note
-------+----------+-------------------------------------------
     0 | D:1      | Reached skill level 10 in Axes
     0 | D:1      | Lanoc the Gnoll Wanderer began the quest for the Orb.
     0 | D:1      | Lanoc set off with the following items: a +0 hand axe, a +0
                  | ring mail, a +0 shield, a ration
     0 | D:1      | Reached XP level 1. HP: 20/20 MP: 1/1
    50 | D:1      | Reached XP level 2. HP: 24/26 MP: 2/2
   252 | D:2      | Reached XP level 3. HP: 24/31 MP: 3/3
   351 | D:2      | Found a burning altar of Makhleb.
   351 | D:2      | Noticed an Executioner
   391 | D:2      | Reached skill level 1 in Invocations
   674 | D:3      | Reached skill level 1 in Short Blades
   674 | D:3      | Reached skill level 1 in Long Blades
   674 | D:3      | Reached skill level 1 in Maces & Flails
   674 | D:3      | Reached skill level 1 in Polearms
   674 | D:3      | Reached skill level 1 in Staves
   674 | D:3      | Reached skill level 1 in Slings
   674 | D:3      | Reached skill level 1 in Bows
   674 | D:3      | Reached skill level 1 in Crossbows
   674 | D:3      | Reached skill level 1 in Throwing
   674 | D:3      | Reached skill level 1 in Dodging
   674 | D:3      | Reached skill level 1 in Unarmed Combat
   674 | D:3      | Reached skill level 1 in Spellcasting
   674 | D:3      | Reached skill level 1 in Evocations
   708 | D:3      | Found a runed translucent gate.
   708 | D:3      | Found a runed translucent gate.
   708 | D:3      | Found a runed translucent gate.
   709 | D:3      | Noticed PeterLawrence's ghost (amateur MiFi)
   710 | D:3      | Noticed a scorpion
   740 | D:3      | Reached XP level 4. HP: 29/38 MP: 5/5
   960 | D:3      | Found an iron altar of Okawaru.
  1077 | D:4      | Found a shadowy altar of Dithmenos.
  1077 | D:4      | Found a hide-covered altar of Uskayaw.
  1080 | D:4      | Found a shattered altar of Ashenzari.
  1093 | D:4      | Became a worshipper of Uskayaw the Reveler
  1130 | D:4      | Reached * piety under Uskayaw
  1168 | D:4      | Reached skill level 1 in Conjurations
  1168 | D:4      | Reached skill level 1 in Hexes
  1168 | D:4      | Reached skill level 1 in Charms
  1168 | D:4      | Reached skill level 1 in Summonings
  1168 | D:4      | Reached skill level 1 in Necromancy
  1168 | D:4      | Reached skill level 1 in Translocations
  1168 | D:4      | Reached skill level 1 in Transmutations
  1168 | D:4      | Reached skill level 1 in Fire Magic
  1168 | D:4      | Reached skill level 1 in Ice Magic
  1168 | D:4      | Reached skill level 1 in Air Magic
  1168 | D:4      | Reached skill level 1 in Earth Magic
  1168 | D:4      | Reached skill level 1 in Poison Magic
  1274 | D:4      | Reached XP level 5. HP: 36/43 MP: 6/6
  1274 | D:4      | Reached ** piety under Uskayaw
  1281 | D:4      | Reached *** piety under Uskayaw
  1404 | D:4      | Noticed a centaur
  1410 | D:4      | Killed a centaur
  1410 | D:4      | Reached XP level 6. HP: 34/50 MP: 8/8
  1701 | D:5      | Entered Level 5 of the Dungeon
  1866 | D:5      | Noticed a slave
  1866 | D:5      | Noticed a slave
  1867 | D:5      | Noticed Pikel
  1867 | D:5      | Noticed a slave
  1876 | D:5      | Banished a slave
  1881 | D:5      | Killed a slave
  1903 | D:5      | Reached skill level 11 in Axes
  1903 | D:5      | Reached skill level 5 in Armour
  1903 | D:5      | Reached skill level 5 in Stealth
  1903 | D:5      | Reached skill level 5 in Shields
  1903 | D:5      | Reached skill level 5 in Invocations
  1903 | D:5      | Reached XP level 7. HP: 17/59 MP: 8/14
  1909 | D:5      | Reached skill level 5 in Short Blades
  1909 | D:5      | Reached skill level 5 in Long Blades
  1909 | D:5      | Reached skill level 5 in Maces & Flails
  1909 | D:5      | Reached skill level 5 in Polearms
  1909 | D:5      | Reached skill level 5 in Staves
  1909 | D:5      | Reached skill level 5 in Slings
  1909 | D:5      | Reached skill level 5 in Bows
  1909 | D:5      | Reached skill level 5 in Crossbows
  1909 | D:5      | Reached skill level 5 in Throwing
  1909 | D:5      | Reached skill level 5 in Dodging
  1909 | D:5      | Reached skill level 5 in Unarmed Combat
  1909 | D:5      | Reached skill level 5 in Spellcasting
  1909 | D:5      | Reached skill level 5 in Evocations
  1909 | D:5      | Reached XP level 8. HP: 20/67 MP: 8/16
  2442 | D:5      | Found a runed translucent door.
  2443 | D:5      | Noticed Crazy Yiuf
  2451 | D:5      | Killed Crazy Yiuf
  2669 | D:6      | Found a snail-covered altar of Cheibriados.
  2693 | D:6      | Reached **** piety under Uskayaw
  2758 | D:6      | Found an iron altar of Okawaru.
  2787 | D:6      | Reached XP level 9. HP: 66/72 MP: 17/17
  2804 | D:6      | Reached ***** piety under Uskayaw
  3083 | D:5      | Reached skill level 5 in Conjurations
  3083 | D:5      | Reached skill level 5 in Hexes
  3083 | D:5      | Reached skill level 5 in Charms
  3083 | D:5      | Reached skill level 5 in Summonings
  3083 | D:5      | Reached skill level 5 in Necromancy
  3083 | D:5      | Reached skill level 5 in Translocations
  3083 | D:5      | Reached skill level 5 in Transmutations
  3083 | D:5      | Reached skill level 5 in Fire Magic
  3083 | D:5      | Reached skill level 5 in Ice Magic
  3083 | D:5      | Reached skill level 5 in Air Magic
  3083 | D:5      | Reached skill level 5 in Earth Magic
  3083 | D:5      | Reached skill level 5 in Poison Magic
  3534 | D:6      | Learned a level 3 spell: Call Canine Familiar
  3768 | D:7      | Found a staircase to the Ecumenical Temple.
  3862 | Temple   | Entered the Ecumenical Temple
  4105 | D:7      | Reached XP level 10. HP: 73/79 MP: 19/19
  4192 | D:7      | Found an opulent altar of Gozag.
  4220 | D:7      | Found a radiant altar of Vehumet.
  4476 | D:7      | Found a shattered altar of Ashenzari.
  4595 | D:8      | Learned a level 2 spell: Blink
  4775 | D:8      | Noticed a two-headed ogre
  4903 | D:8      | Got a wavering platinum ring
  4905 | D:8      | Identified the ring "Wuevvin" {*Drain rN+++ Str+5 Int+3
                  | Dex+5} (You found it on level 8 of the Dungeon)
  5352 | D:8      | Found a shimmering altar of Xom.
  5352 | D:8      | Noticed DrClinical's ghost (novice DrCj)
  5352 | D:8      | Noticed a +0 quarterstaff of chaos
  5353 | D:8      | Found a runed translucent door.
  5517 | D:9      | Reached skill level 12 in Axes
  6390 | D:9      | Found Elumoesm's General Store.
  6448 | D:9      | Noticed a moth of wrath
  6451 | D:9      | Found a bloodstained altar of Trog.
  6532 | D:9      | Reached XP level 11. HP: 61/86 MP: 19/21
  6646 | D:9      | Noticed a three-headed hydra
  6656 | D:9      | Killed a three-headed hydra
  6938 | D:10     | Entered Level 10 of the Dungeon
  7094 | D:10     | Found a staircase to the Lair.
  7249 | D:10     | Found a staircase to the Orcish Mines.
  7402 | D:10     | Noticed a frost giant
  7404 | D:10     | Found a basalt altar of Yredelemnul.
  7404 | D:10     | Noticed a fire dragon
  7671 | D:11     | Noticed Grum
  7688 | D:11     | Killed Grum
  7755 | D:11     | Noticed a seven-headed hydra
  7933 | D:11     | Noticed a brown ugly thing
  7936 | D:11     | Banished a brown ugly thing
  7941 | D:11     | Noticed an unseen horror
  8028 | D:11     | Killed an unseen horror
  8059 | D:11     | Noticed a two-headed ogre
  8073 | D:11     | Killed a two-headed ogre
  8075 | D:11     | Reached XP level 12. HP: 90/94 MP: 21/23
  8114 | D:11     | Reached ****** piety under Uskayaw
  8561 | D:12     | Noticed a two-headed ogre
  8899 | D:12     | Noticed a centaur warrior
  8899 | D:12     | Noticed a fire dragon
  8954 | D:12     | Noticed a death knight
  8955 | D:12     | Noticed a six-headed hydra
  8996 | D:12     | Noticed Urug
  9005 | D:12     | Banished Urug
  9230 | D:13     | Noticed a tengu warrior
  9241 | D:13     | Killed a tengu warrior
  9252 | D:13     | Killed from afar by a tengu conjurer

Levels and vault maps discovered:
D:1:      lightli_arrival_maybe_door_vault, layout_loops_ring
D:2:      layout_loops_ring, first_ration, makhleb_altar_promises_db
D:3:      layout_basic, gammafunk_ghost_split, kennysheep_okawaru_gauntlet
D:4:      layout_basic, grunt_temple_overflow_open, grunt_ministairs_6,
          chequers_serial_rivers_large_b
D:5:      layout_basic, minmay_quadrilaterals, uniq_pikel,
          uniq_crazy_yiuf_cottage
D:6:      layout_basic, lemuel_crystal_altar, slow_altar_1,
          minmay_increasing_density
D:7:      layout_gridville, nicolae_gozag_cash_rules_everything_around_me,
          lemuel_round_altar, minmay_temple_entry_sparse_star,
          nicolae_benzene_ring, grunt_ashenzari_visionary
          [grunt_ashenzari_visionary_swamp, grunt_ashenzari_visionary_snake]
D:8:      layout_basic, ebering_ghost_xom
D:9:      layout_basic, tgw_trog, serial_shops,
          nicolae_shop_competitors_out_of_business, kennysheep_nondescript,
          eino_small_chamber_without_monster, hangedman_ranch
          [blue_anna_fruit_fields], glass_columns_c
D:10:     layout_basic, erik_lair_orcish_takeover, orc_0_dummy,
          jmf_multi_god_temple
D:11:     layout_roguey, grunt_ministairs_9, uniq_grum
D:12:     layout_irregular_city, minivault_12, uniq_urug
D:13:     layout_loops_ring, special_room [special_room_bee]
Temple:   jpeg_temple_clearing

Skill      XL: |  1  2  3  4  5  6  7  8  9 10 11 12 |
---------------+-------------------------------------+-----
Axes           | 11 12 | 12.5
Invocations    | 1 5 6 7 8 |  8.5
Short Blades   | 1 4 5 6 7 |  7.7
Long Blades    | 1 4 5 6 7 |  7.7
Maces & Flails | 1 4 5 6 7 |  7.7
Polearms       | 1 4 5 6 7 |  7.7
Staves         | 1 4 5 6 7 |  7.7
Slings         | 1 4 5 6 7 |  7.7
Bows           | 1 4 5 6 7 |  7.7
Crossbows      | 1 4 5 6 7 |  7.7
Throwing       | 1 4 5 6 7 |  7.7
Dodging        | 1 4 5 6 7 |  7.7
Unarmed Combat | 1 4 5 6 7 |  7.7
Spellcasting   | 1 4 5 6 7 |  7.7
Evocations     | 1 4 5 6 7 |  7.7
Conjurations   | 1 4 5 6 |  6.4
Hexes          | 1 4 5 6 |  6.4
Charms         | 1 4 5 6 |  6.4
Summonings     | 1 4 5 6 |  6.4
Necromancy     | 1 4 5 6 |  6.4
Translocations | 1 4 5 6 |  6.4
Transmutations | 1 4 5 6 |  6.4
Fire Magic     | 1 4 5 6 |  6.4
Ice Magic      | 1 4 5 6 |  6.4
Air Magic      | 1 4 5 6 |  6.4
Earth Magic    | 1 4 5 6 |  6.4
Poison Magic   | 1 4 5 6 |  6.4
Armour         | 3 5 6 7 8 |  8.2
Shields        | 3 5 6 7 8 |  8.2
Stealth        | 5 6 7 8 |  8.1
Fighting       | 6 7 8 9 |  9.1

Action                   |  1- 3 |  4- 6 |  7- 9 | 10-12 || total
-------------------------+-------+-------+-------+-------++-------
Melee: Hand axe          |    97 |    23 |       |       ||   120
       Bite              |     6 |    11 |    31 |   118 ||   166
       Flail             |       |    86 |   270 |   777 ||  1133
Evoke: Wand              |       |       |       |     3 ||     3
  Use: Scroll            |     1 |       |    10 |     5 ||    16
       Potion            |       |     2 |     5 |     5 ||    12
 Stab: Sleeping          |     4 |     1 |     7 |     7 ||    19
       Invisible         |       |       |     2 |       ||     2
       Paralysed         |       |       |    12 |    36 ||    48
       Distracted        |       |       |       |     2 ||     2
  Eat: Chunk             |       |     3 |     8 |    20 ||    31
Armor: Ring mail         |    32 |    38 |    79 |    51 ||   200
       Crystal plate arm |       |       |       |   360 ||   360
       Skin              |       |       |       |     2 ||     2
Dodge: Dodged            |    22 |    39 |   119 |   306 ||   486
Block: Shield            |    27 |    59 |    85 |       ||   171
       Buckler           |       |       |    35 |   244 ||   279

Table legend:
 A = Non-vault XP
 B = Vault XP
 C = Vault XP percentage of total XP
 D = Non-vault monster count
 E = Vault monster count
 F = Vault count percentage of total count
                 A         B        C        D         E       F
            +---------+---------+-------+---------+---------+-------
      Total |   18768 |    4332 |  18.8 |     261 |      37 |  12.4
            +---------+---------+-------+---------+---------+-------
        D:1 |      14 |       0 |   0.0 |       7 |       0 |   0.0
        D:2 |      53 |       0 |   0.0 |      10 |       0 |   0.0
        D:3 |      26 |       0 |   0.0 |      10 |       0 |   0.0
        D:4 |     228 |      13 |   5.4 |      13 |       1 |   7.1
        D:5 |     578 |      97 |  14.4 |      19 |       2 |   9.5
        D:6 |    1760 |     397 |  18.4 |      33 |       6 |  15.4
        D:7 |    1053 |       0 |   0.0 |      16 |       0 |   0.0
        D:8 |     913 |       0 |   0.0 |      17 |       0 |   0.0
        D:9 |    2876 |    1980 |  40.8 |      43 |      12 |  21.8
       D:10 |    1415 |     658 |  31.7 |      13 |      10 |  43.5
       D:11 |    4856 |     736 |  13.2 |      34 |       5 |  12.8
       D:12 |    3332 |     451 |  11.9 |      41 |       1 |   2.4
       D:13 |    1664 |       0 |   0.0 |       5 |       0 |   0.0
            +---------+---------+-------+---------+---------+-------
